 Dungeon Crawl Stone Soup version 0.29-a0-322-g68df515428 (webtiles) character file.

Game seed: 16305343640183892353

67 Hubjo the Magician (level 3, -3/21 HPs)
             Began as a Deep Elf Wanderer on Apr 7, 2022.
             Slain by an orc
             ... wielding a +2 trident of protection
              (8 damage)
             ... on level 3 of the Dungeon.
             The game lasted 00:05:02 (2382 turns).

Hubjo the Magician (Deep Elf Wanderer)              Turns: 2382, Time: 00:05:03

Health: -3/21      AC:  8    Str: 13    XL:     3   Next: 98%
Magic:  12/12      EV:  9    Int: 16    God:
Gold:   127        SH:  0    Dex: 12    Spells: 11/14 levels left

rFire   . . .      SeeInvis .   a - +0 hand axe
rCold   . . .      Faith    .   (no shield)
rNeg    . . .      Spirit   .   h - +2 scale mail of Zosuesk {rCorr}
rPois   .          Reflect  .   (no helmet)
rElec   .          Harm     .   (no cloak)
rCorr   +          Rampage  .   (no gloves)
Will    .....                   (no boots)
Stlth   +.........              g - amulet of magic regeneration
HPRegen 0.07/turn               f - ring of wizardry
MPRegen 0.53/turn               (no ring)

@: no status effects
A: no striking features
a: no special abilities


You were on level 3 of the Dungeon.
You visited 1 branch of the dungeon, and saw 3 of its levels.

You collected 127 gold pieces.

Inventory:

Hand Weapons
 a - a +0 hand axe (weapon)
Armour
 b - a +0 scale mail
 h - the +2 scale mail of Zosuesk (worn) {rCorr}
   (You found it on level 2 of the Dungeon)

   rCorr:     It protects you from acid and corrosion.
Jewellery
 f - a ring of wizardry (left hand)
 g - an amulet of magic regeneration (around neck)
 j - an amulet of magic regeneration
Scrolls
 c - a scroll of blinking
Potions
 d - a potion of attraction {unknown}
 e - 2 potions of ambrosia {unknown}
 k - 3 potions of curing
 l - a potion of haste {unknown}


   Skills:
 + Level 1.9 Fighting
 - Level 1.0 Axes
 - Level 1.5 Armour
 + Level 2.1 Dodging
 + Level 2.6 Stealth
 - Level 6.1 Spellcasting
 * Level 0.4 Summonings


You had 11 spell levels left.
You knew the following spells:

 Your Spells              Type           Power      Damage    Failure   Level
a - Summon Guardian Gole  Hex/Summ       5%         N/A       52%         3

Your spell library contained the following spells:

 Spells                   Type           Power      Damage    Failure   Level
 Summon Small Mammal      Summ           24%        N/A       21%         1
 Pain                     Necr           16%        1d4       26%         1
 Slow                     Hex            16%        N/A       26%         1
 Corpse Rot               Necr/Air       8%         N/A       34%         2
 Searing Ray              Conj           8%         2d4       34%         2
 Call Canine Familiar     Summ           6%         N/A       52%         3


Dungeon Overview and Level Annotations

Branches:
Dungeon (3/15)

Altars:

Shops:
D:2 *=(*


Message History

The orc wizard hits you but does no damage.
The orc hits you but does no damage. x2
The orc hits you with a +2 trident of protection.
You completely miss the orc. You closely miss the orc. You hit the orc.
You barely miss the orc wizard.
The orc wizard gestures at you while chanting.
The magic dart hits you. The orc hits you with a +0 hand axe.
* * * LOW HITPOINT WARNING * * *
The orc hits you but does no damage. The orc barely misses you.
The orc wizard barely misses you. The orc closely misses you. x2
The orc hits you but does no damage.
Blink to where?
Press: ? - help, Dir - move target
As you read the scroll of blinking, it crumbles to dust.
It was a potion of curing.
You feel better.
Found a stone staircase leading down.
The orc closely misses you. The orc hits you but does no damage.
The orc wizard mumbles some strange words.
The orc wizard flickers and vanishes!
Deactivating autopickup; reactivate with Ctrl-A.
You hit the orc.
The orc is moderately wounded.
The orc barely misses you. x2
You hit the orc.
You kill the orc!
The orc hits you from afar with a +2 trident of protection.
The orc hits you from afar with a +2 trident of protection.
The orc barely misses you. The orc barely misses you.
An adder comes into view.
The adder hisses angrily.
The orc hits you but does no damage.
You barely miss the orc.
The orc hits you with a +2 trident of protection.
* * * LOW HITPOINT WARNING * * *
You hit the orc but do no damage. The orc closely misses you.
You miss something. You hit the adder. The adder barely misses you.
The orc hits you from afar with a +2 trident of protection!
You die...

.#.###..#....#.#.#.# ..
.....#..#....#.#.#.#. .
.#.#.#..#....#.# #.#.
.#.#.#..#†...#.#.# .#
...............#.##.#
...................>####
.#...........#)###.....
^#..........##o###..##
..............o.@S..#
...............##........
##.######...#####...###..
#. #...# ##..# . #....
..# #. ... #. .... .....


You could see an adder and 2 orcs.

Vanquished Creatures
  An adder (D:2)
  7 orcs
  3 ball pythons
  A bat (D:2)
  5 endoplasms
  A giant cockroach (D:1)
  4 goblins
  5 hobgoblins
  3 jackals (D:1)
  3 kobolds (D:2)
  2 quokkas (D:2)
  2 frilled lizards (D:2)
  8 rats
45 creatures vanquished.

Notes
Turn   | Place    | Note
-------+----------+-------------------------------------------
     0 | D:1      | Hubjo the Deep Elf Wanderer began the quest for the Orb.
     0 | D:1      | Hubjo set off with the following items: a +0 hand axe, a +0
                  | scale mail, a scroll of blinking; and the following spells
                  | available to memorise: Pain, Slow, Corpse Rot, Searing Ray
     0 | D:1      | Reached XP level 1. HP: 12/12 MP: 9/9
   463 | D:1      | Reached skill level 1 in Stealth
   466 | D:1      | Reached XP level 2. HP: 11/16 MP: 10/10
  1091 | D:2      | Reached skill level 6 in Spellcasting
  1107 | D:2      | Found Zottacw's Weapon Boutique.
  1286 | D:2      | Found Moehu's Jewellery Boutique.
  1294 | D:2      | Reached XP level 3. HP: 18/20 MP: 12/12
  1310 | D:2      | Identified the +2 scale mail of Zosuesk {rCorr}
  1477 | D:2      | Found Ligitwe's General Store.
  1694 | D:2      | Found Jitipligo's Assorted Antiques.
  1983 | D:2      | Learned a level 3 spell: Summon Guardian Golem
  2382 | D:3      | Slain by an orc

Illustrated notes

Levels and vault maps discovered:
D:1:      minmay_arrival_five_plusses, layout_basic
D:2:      minmay_spotlight, layout_rooms, serial_shops, nicolae_shop_waterfront,
          nicolae_shop_bloodbath_and_beyond, shop, nicolae_shop_stone
D:3:      layout_basic, minmay_misc_feat_square,
          hangedman_abyss_or_decor_lesser_grid

Skill      XL: |  1  2  3 |
---------------+----------+-----
Stealth        | 1 2 |  2.6
Spellcasting   | 6 |  6.1
Dodging        | 2 |  2.1
Fighting       | |  1.9
Axes           | |  1.0
Armour         | |  1.5
Summonings     | |  0.4

Action                   || total
-------------------------++-------
Melee: Hand axe          ||   127
       Punch             ||     1
  Use: Scroll            ||     3
       Potion            ||     1
Armor: Scale mail        ||    90
Dodge: Dodged            ||    82

Table legend: (Time is in decaauts)
 A = Elapsed time spent in this place.
 B = Non-inter-level travel time spent in this place.
 C = Inter-level travel time spent in this place.
 D = Time resting spent in this place.
 E = Time spent auto-exploring this place.
 F = Levels seen in this place.
 G = Mean time per level.
                   A        B        C        D        E       F      G
               +--------+--------+--------+--------+--------+-----+--------+
         Total |   2414 |   2414 |      0 |      0 |   1958 |   3 |  804.7 |
       Dungeon |   2414 |   2414 |      0 |      0 |   1958 |   3 |  804.7 |
               +--------+--------+--------+--------+--------+-----+--------+

Top non-repeatable levels by time:
     D:2: 1213 daAuts
     D:1: 998 daAuts
     D:3: 202 daAuts
